 Seeded DCSS version 0.30.1-4-g462c640d31 (webtiles) character file.

Game seed: 1488530604685760082 (custom seed)

111 kingsuperguy the Chopper (level 4, -3/41 HPs)
             Began as a Hill Orc Monk on Sept 3, 2023.
             Was a Believer of Beogh.
             Slain by a lemure (7 damage)
             ... led by Pikel
             ... on level 4 of the Dungeon.
             The game lasted 00:03:04 (2519 turns).

kingsuperguy the Chopper (Hill Orc Monk)            Turns: 2519, Time: 00:03:05

Health: -3/41      AC: 12    Str: 18    XL:     4   Next: 92%
Magic:  4/4        EV:  5    Int: 10    God:    Beogh [**....]
Gold:   174        SH:  0    Dex: 13    Spells: 3/3 levels left

rFire   . . .        w - +11 broad axe "Hill Orc's Regret" {spect, Str+3}
rCold   . . .        d - orb {light}
rNeg    . . .        s - +0 plate armour
rPois   .            (no helmet)
rElec   .            m - +0 cloak
rCorr   .            (no gloves)
SInv    .            g - +0 pair of boots
Will    .....        (no amulet) Stlth
                     (no ring)
HPRegen 0.26/turn    (no ring)
MPRegen 0.09/turn

%: no passive effects
@: glowing
A: no striking features
a: Renounce Religion, Smiting


You were on level 4 of the Dungeon.
You worshipped Beogh.
Beogh was pleased with you.
You visited 1 branch of the dungeon, and saw 4 of its levels.

You collected 174 gold pieces.

Inventory:

Hand Weapons
 a - a +0 hand axe
 t - a +1 heavy hand axe
 w - the +11 broad axe "Hill Orc's Regret" (weapon) {spect, Str+3}
   (You found it on level 3 of the Dungeon)

   Str:       It affects your strength (+3).
Armour
 b - a +0 robe
 d - an orb of light (worn)
 g - a +0 pair of boots (worn)
 m - a +0 cloak (worn)
 s - a +0 plate armour (worn)
Wands
 r - a wand of flame (26)
Scrolls
 c - a scroll of amnesia {unknown}
 e - a scroll of teleportation {unknown}
 f - a scroll of brand weapon {unknown}
 i - a scroll of summoning {unknown}
 j - 3 scrolls of identify {unknown}
 k - 2 scrolls of fog {unknown}
 n - a scroll of enchant armour {unknown}
 o - a scroll of blinking {unknown}
 p - a scroll of fear {unknown}
 v - a scroll of immolation {unknown}
Potions
 h - 3 potions of attraction {unknown}
 l - 3 potions of curing {unknown}
 q - a potion of degeneration {unknown}
 u - a potion of haste {unknown}


   Skills:
 + Level 4.6 Fighting
 + Level 5.7 Axes
 + Level 3.0 Dodging


You had 3 spell levels left.
You didn't know any spells.
Your spell library contained the following spells:

 Spells                   Type           Power      Damage    Failure   Level
 Sandblast                Erth           0%         2d4       100%        1
 Passwall                 Tmut/Erth      0%         N/A       100%        2
 Stone Arrow              Conj/Erth      0%         3d7       100%        3
 Summon Ice Beast         Ice/Summ       0%         N/A       100%        4
 Summon Mana Viper        Hex/Summ       0%         N/A       100%        5
 Monstrous Menagerie      Summ           0%         N/A       100%        7


Dungeon Overview and Level Annotations

Branches:
Dungeon (4/15)
 Temple: D:4-7

Altars:
Gozag
Trog
Uskayaw

Shops:
D:1 (

Annotations:
D:4 Pikel


Message History

Beogh accepts your kill.
You slash the lemure!
Your +11 broad axe "Hill Orc's Regret" {spect, Str+3} hits the lemure!!
You kill the lemure!
That felt strangely unrewarding.
An orc comes into view. It is wielding a +0 hand axe.
The lemure hits your +11 broad axe "Hill Orc's Regret" {spect, Str+3}!
Your spectral weapon shares its damage with you!
You hit the orc.
The orc is heavily wounded.
Your +11 broad axe "Hill Orc's Regret" {spect, Str+3} hits the orc!
You kill the orc!
Beogh accepts your kill. The lemure hits you but does no damage.
The orc barely misses you. The lemure hits you.
You slash the orc!
You kill the orc!
Beogh accepts your kill.
You slash the lemure! You barely miss the lemure.
Your +11 broad axe "Hill Orc's Regret" {spect, Str+3} hits the lemure!!
Your +11 broad axe "Hill Orc's Regret" {spect, Str+3} hits the lemure.
Your +11 broad axe "Hill Orc's Regret" {spect, Str+3} hits the lemure!!
You kill the lemure!
That felt strangely unrewarding.
Your +11 broad axe "Hill Orc's Regret" {spect, Str+3} barely misses the lemure.
The lemure hits you. The lemure attacks as you move away! The lemure hits you!
Your +11 broad axe "Hill Orc's Regret" {spect, Str+3} disappears.
Items here: ))) [ †.
Pikel attacks as you move away! Pikel barely misses you.
The lemure attacks as you move away! The lemure hits you but does no damage.
Pikel attacks as you move away!
Pikel hits you with a +0 whip of flaming!
Pikel burns you.
* * * LOW HITPOINT WARNING * * *
The lemure attacks as you move away! The lemure hits you!
* * * LOW HITPOINT WARNING * * *
Pikel hits you but does no damage. The lemure attacks as you move away!
The lemure hits you!
You die...

#..#...
##.#..# ....#
# ##..# .#
###..## #.#
#.<..)## #..#
#.###5.###..#
#.#....K#..#
#.#.###5@.#
#.#. #####
#.# #. #.


You could see Pikel and 2 lemures.

Vanquished Creatures
  2 lemures (D:4)
  4 adders (D:2)
  A worm (D:2)
  A dart slug (D:2)
  5 orcs
  9 endoplasms
  3 giant cockroaches
  3 goblins
  11 hobgoblins
  3 kobolds
  A quokka (D:1)
  7 ball pythons
  6 bats
  A frilled lizard (D:3)
  5 rats
62 creatures vanquished.

Notes
Turn   | Place    | Note
-------+----------+-------------------------------------------
     0 | D:1      | kingsuperguy the Hill Orc Monk began the quest for the Orb.
     0 | D:1      | Reached XP level 1. HP: 19/19 MP: 1/1
   148 | D:1      | Reached XP level 2. HP: 27/27 MP: 2/2
   563 | D:1      | Found a faded altar of an unknown god.
   601 | D:1      | Found Dyac's Weapon Shop.
   921 | D:2      | Reached XP level 3. HP: 27/33 MP: 3/3
  1063 | D:2      | Reached skill level 5 in Axes
  1063 | D:2      | Reached XP level 4. HP: 9/41 MP: 4/4
  1572 | D:3      | Found an opulent altar of Gozag.
  1870 | D:3      | Found a large runed translucent door.
  1871 | D:3      | Found a large runed translucent door.
  1936 | D:3      | Became a worshipper of Beogh the Brigand
  1936 | D:3      | Reached * piety under Beogh
  1936 | D:3      | Reached ** piety under Beogh
  2130 | D:3      | Identified the +11 broad axe "Hill Orc's Regret" {spect,
                  | Str+3}
  2418 | D:3      | Found a bloodstained altar of Trog.
  2431 | D:3      | Found a hide-covered altar of Uskayaw.
  2508 | D:4      | Noticed a lemure
  2508 | D:4      | Noticed a lemure
  2508 | D:4      | Noticed a lemure
  2508 | D:4      | Noticed a lemure
  2509 | D:4      | Noticed Pikel
  2512 | D:4      | Killed a lemure
  2514 | D:4      | Killed a lemure
  2519 | D:4      | Slain by a lemure

Illustrated notes

Levels and vault maps discovered:
D:1:      nzn_arrival_settlement, layout_loops_ring, serial_shops, shop,
          hellmonk_ecumenical_altar_arch_garden, minmay_tetromino_t4
D:2:      layout_basic
D:3:      layout_loops_corners, old_standard_altar, jmf_multi_god_temple2,
          st_stairs_9
D:4:      layout_basic, serial_shops, nicolae_square_shop, enter_ossuary_5,
          skrybe_limestone_x, uniq_pikel

Skill      XL: |  1  2  3  4 |
---------------+-------------+-----
Fighting       | 4 |  4.6
Axes           | 5 |  5.7
Dodging        | 3 |  3.0

Action                     |  1- 3 |  4- 6 || total
---------------------------+-------+-------++-------
  Melee: Hand axe          |    84 |    72 ||   156
         Broad axe         |       |     4 ||     4
 Invoke: Convert to Beogh  |       |     1 ||     1
    Use: Potion            |     1 |       ||     1
 Armour: Robe              |    20 |    16 ||    36
         Plate armour      |       |    22 ||    22
  Dodge: Dodged            |    49 |    41 ||    90
